 Dungeon Crawl Stone Soup version 0.19.3-4-gbf9329e (webtiles) character file.

65 Mefis the Magician (level 3, -6/19 HPs)
             Began as a Deep Elf Wizard on Jan 28, 2017.
             Mangled by a gnoll
             ... wielding a +0 halberd
              (10 damage)
             ... on level 2 of the Dungeon.
             The game lasted 00:05:15 (3114 turns).

Mefis the Magician (Deep Elf Wizard)                Turns: 3114, Time: 00:05:15

Health: -6/19      AC:  2    Str:  4    XL:     3   Next: 92%
Magic:  4/11       EV: 13    Int: 23    God:
Gold:   53         SH:  0    Dex: 13    Spells: 5 memorised, 2 levels left

rFire  . . .     SeeInvis .     n - +2 dagger (speed)
rCold  . . .     Gourm    .     a - +0 robe
rNeg   . . .     Faith    .     (no shield)
rPois  .         Spirit   .     b - +0 hat
rElec  .         Reflect  .     (no cloak)
rCorr  .         Harm     .     (no gloves)
MR     .....                    (no boots)
Stlth  ++........               (no amulet)
                                (no ring)
                                (no ring)

@: very slightly contaminated
A: no striking features
a: no special abilities


You were on level 2 of the Dungeon.
You were not hungry.

You visited 1 branch of the dungeon, and saw 2 of its levels.

You collected 53 gold pieces.

Inventory:

Hand Weapons
 h - a +0 dagger
 j - a cursed -2 dagger
 l - a cursed -2 dagger
 n - a +2 dagger of speed (weapon)
Missiles
 i - 9 poisoned needles
 k - 18 sling bullets
Armour
 a - a +0 robe (worn)
 b - a +0 hat (worn)
Scrolls
 e - 3 scrolls of identify {unknown}
 g - 2 scrolls of remove curse {unknown}
 o - 2 scrolls of teleportation {unknown}
 p - a scroll of enchant armour {unknown}
 r - a scroll of amnesia {unknown}
 u - a scroll of random uselessness {unknown}
Potions
 f - a potion of heal wounds {unknown}
 m - a potion of resistance {unknown}
 q - a potion of might {unknown}
 s - a potion of flight {unknown}
 t - 2 potions of mutation {unknown}
Books
 c - a book of Minor Magic

   Spells                             Type                      Level
   a - Magic Dart                     Conjuration                  1
   b - Blink                          Translocation                2
   c - Call Imp                       Summoning                    2
   d - Repel Missiles                 Charms/Air                   2
   e - Slow                           Hexes                        2
   f - Conjure Flame                  Conjuration/Fire             3
   g - Mephitic Cloud                 Conjuration/Poison/Air       3


   Skills:
 + Level 2.9 Dodging
 + Level 3.3 Stealth
 * Level 5.4 Spellcasting
 + Level 2.0 Conjurations
 - Level 1.1 Summonings
 - Level 1.1 Translocations
 + Level 0.2 Air Magic
 + Level 0.4 Poison Magic


You had 2 spell levels left.
You knew the following spells:

 Your Spells              Type           Power        Failure   Level  Hunger
a - Magic Dart            Conj           ###.         4%          1    None
b - Call Imp              Summ           ##......     12%         2    None
c - Blink                 Tloc           N/A          12%         2    None
d - Repel Missiles        Chrm/Air       #.....       17%         2    None
e - Mephitic Cloud        Conj/Pois/Air  ##......     21%         3    ##.....


Dungeon Overview and Level Annotations

Branches:
Dungeon (2/15)

Altars:

Annotations:
D:2 Terence


Message History

Confirm with . or Enter, or press ? or * to list all spells.
Aiming: Magic Dart
Press: ? - help, Shift-Dir - straight line, f - goblin
Aim: a goblin, wielding a club You miscast Magic Dart.
Nothing appears to happen.
The goblin closely misses you.
The gnoll hits you from afar with a halberd!
Ouch! That really hurt!
* * * LOW HITPOINT WARNING * * *
Casting: Magic Dart
Confirm with . or Enter, or press ? or * to list all spells.
Aiming: Mephitic Cloud
Press: ? - help, Shift-Dir - straight line, f - gnoll, p - goblin
Aim: a gnoll, wielding a halberd You miscast Mephitic Cloud.
You are momentarily dazzled by a flash of light!
The goblin closely misses you.
The gnoll hits you from afar with a halberd!
Ouch! That really hurt!
You die...

#...#.# #.# #.(......#
#.#.#.####.# #g##.###.#
#.#.#......######(##...
#.#...######.......#....#
#.##..# #.##.(#.####.#
#.##..######.........# ..#
#.###>...##.....g###.†.#.#
#.....##...........###....
########...##...@....# .#
#...#..###g÷...# .
#..##.## ...#.# ##.#..
%..# . #.#.. #..# #.#..
#..# #.#.. %..# ##. ..##


You could see 2 gnolls and a goblin.

Vanquished Creatures
  An ooze (D:1)
  A worm (D:2)
  2 dart slugs (D:1)
  2 leopard geckos (D:1)
  2 ball pythons
  5 bats (D:1)
  3 giant cockroaches
  12 goblins
  6 hobgoblins
  3 jackals
  6 kobolds
  2 frilled lizards
45 creatures vanquished.

Notes
Turn   | Place    | Note
-------+----------+-------------------------------------------
     0 | D:1      | Mefis the Deep Elf Wizard began the quest for the Orb.
     0 | D:1      | Reached XP level 1. HP: 10/10 MP: 7/7
   449 | D:1      | Reached XP level 2. HP: 9/15 MP: 4/9
   495 | D:1      | Learned a level 2 spell: Call Imp
   498 | D:1      | Learned a level 2 spell: Blink
   501 | D:1      | Learned a level 2 spell: Repel Missiles
   746 | D:1      | Reached skill level 5 in Spellcasting
  1046 | D:1      | Reached XP level 3. HP: 19/19 MP: 3/11
  1051 | D:1      | Learned a level 3 spell: Mephitic Cloud
  1951 | D:2      | Noticed Terence
  3114 | D:2      | Mangled by a gnoll

Skill      XL: |  1  2  3 |
---------------+----------+-----
Spellcasting   | 5 |  5.4
Stealth        | 3 |  3.3
Conjurations   | 2 |  2.0
Dodging        | |  2.9
Summonings     | |  1.1
Translocations | |  1.1
Air Magic      | |  0.2
Poison Magic   | |  0.4

Action                   || total
-------------------------++-------
Melee: Unarmed           ||     2
       Dagger            ||     4
 Cast: Magic Dart        ||   128
       Repel Missiles    ||     1
       Call Imp          ||     7
       Mephitic Cloud    ||     1
       Blink             ||     1
  Eat: Chunk             ||     4
       Bread ration      ||     1
Armor: Robe              ||     3
Dodge: Dodged            ||    42
       Deflected         ||     1
